 Dungeon Crawl Stone Soup version 0.28-a0-863-g8cecda6153 (webtiles) character file.

Game seed: 9085070972611735376

1664 TheGamechu the Grappler (level 8, 0/111 HPs)
             Began as a Troll Fighter on Nov 18, 2021.
             Was an Initiate of Ru.
             Succumbed to a gnoll sergeant's poison
             ... on level 7 of the Dungeon.
             The game lasted 00:13:56 (5035 turns).

TheGamechu the Grappler (Troll Fighter)             Turns: 5035, Time: 00:13:57

Health: 0/111      AC: 24    Str: 25    XL:     8   Next: 69%
Magic:  7/7        EV:  1    Int:  4    God:    Ru [......]
Gold:   118        SH:  0    Dex: 11    Spells: 7/7 levels left

rFire   . . .      SeeInvis .     - Unarmed
rCold   + . .      Faith    .   (no shield)
rNeg    . . .      Spirit   .   (armour currently unavailable)
rPois   +          Reflect  .   (helmet currently unavailable)
rElec   .          Harm     .   (cloak currently unavailable)
rCorr   .          Rampage  .   (gloves unavailable)
Will    .....      NoTele   +   (boots unavailable)
Stlth   +.........              d - amulet of the acrobat
HPRegen 1.28/turn               u - ring of protection from cold
MPRegen 0.10/turn               (no ring)

@: lethally poisoned (0 -> -7), tree-form
A: stationary, stasis, torment immunity, boosted hp, large, unfitting armour,
(claws 3), regeneration 1, (shaggy fur 1), (tough skin 1)
a: Renounce Religion


You were on level 7 of the Dungeon.
You worshipped Ru.
Ru was noncommittal.
You were a tree.
You visited 2 branches of the dungeon, and saw 8 of its levels.

You collected 361 gold pieces.
You spent 243 gold pieces at shops.

Inventory:

Hand Weapons
 q - the +11 dagger of Virtue {pain, *Slow rElec rN++ Dex+2}
   (You found it on level 5 of the Dungeon)

   In the hands of one skilled in necromantic magic, it inflicts extra damage on
   living creatures.
   Dex:       It affects your dexterity (+2).
   rElec:     It insulates you from electricity.
   rN:        It greatly protects you from negative energy.
   *Slow:     It may slow you when you take damage.
Missiles
 f - 127 stones
 l - 13 poisoned darts
 o - 4 atropa-tipped darts (quivered)
 r - 4 large rocks
 s - 2 boomerangs
Armour
 a - a +0 robe (melded)
 b - a +1 kite shield
Jewellery
 d - an amulet of the acrobat (around neck)
 u - a ring of protection from cold (left branch)
 C - an amulet of magic regeneration
Wands
 p - a wand of iceblast (6)
 A - a wand of mindburst (11)
 B - a wand of digging (4)
Scrolls
 j - 2 scrolls of teleportation
 m - a scroll of fog
 t - a scroll of silence
 y - a scroll of brand weapon
 z - a scroll of identify
Potions
 c - a potion of might
 e - 2 potions of curing {unknown}
 g - a potion of lignification
 h - 2 potions of cancellation
 i - a potion of mutation {unknown}
 k - a potion of flight {unknown}
 n - a potion of attraction {unknown}
 v - a potion of heal wounds {unknown}
 w - a potion of ambrosia {unknown}
 x - 2 potions of brilliance {unknown}


   Skills:
 + Level 2.9 Fighting
 + Level 2.8 Dodging
 + Level 2.9 Shields
 + Level 10.8 Unarmed Combat


You had 7 spell levels left.
You didn't know any spells.
Your spell library contained the following spells:

 Spells                   Type           Power      Damage    Failure   Level
 Ensorcelled Hibernation  Hex/Ice        0%         N/A       65%         2
 Spider Form              Tmut/Pois      0%         N/A       86%         3


Dungeon Overview and Level Annotations

Branches:
Dungeon (7/15)             Temple (1/1) D:7

Altars:
Ashenzari
Cheibriados
Dithmenos
Elyvilon
Fedhas
Gozag
Hepliaklqana
Kikubaaqudgha
Makhleb
Nemelex Xobeh
Okawaru
Qazlal
Ru
Sif Muna
Trog
Uskayaw
Vehumet
Wu Jian
Xom
Yredelemnul
Zin
The Shining One

Shops:
D:6 *


Innate Abilities, Weirdness & Mutations

You are a tree.
Your roots penetrate the ground, keeping you stationary.
You cannot be teleported.
You are immune to unholy pain and torment.
Your maximum health is greatly increased.
Your equipment is partially melded.
You are too large for most types of armour.
((You have claws for hands.))
Your natural rate of healing is unusually fast.
((You are covered in fur. (AC +1)))
((You have tough skin. (AC +1)))


Message History

You kill the gnoll!
You hear the quick hiss of a very distant avalanche of sand.
C - an amulet of magic regeneration;
f - 127 stones (gained 10)
Things that are here:
a +0 mace; a +0 whip; a +0 spear
Okay, then.
A gnoll sergeant comes into view. It is wielding a +2 spear of venom.
The gnoll sergeant shouts!
A gnoll comes into view. It is wielding a +0 whip.
A gnoll comes into view. It is wielding a +0 flail.
The gnoll shouts!
The gnoll sergeant hits you from afar with a +2 spear of venom!
You are poisoned.
You feel very sick.
The gnoll sergeant hits you with a +2 spear of venom!
You are more poisoned.
You are too injured to fight recklessly!
You are too injured to fight recklessly!
You are too injured to fight recklessly!
Unknown command.
You mangle the gnoll sergeant!!
The gnoll sergeant is almost dead.
You feel very sick. The gnoll sergeant barely misses you.
You scratch the gnoll sergeant.
The gnoll sergeant is almost dead.
You feel very sick.
The gnoll sergeant hits you with a +2 spear of venom!
* * * LOW HITPOINT WARNING * * *
You scratch the gnoll sergeant.
You kill the gnoll sergeant!
You feel very sick. The gnoll hits you with a +0 whip.
* * * LOW HITPOINT WARNING * * *
The gnoll hits you with a +0 flail!
* * * LOW HITPOINT WARNING * * *
Really quaff the potion of lignification?
You turn into a tree.
Your +0 robe melds into your body.
Your roots penetrate the ground.
You die...

#).)...... #....##
#..##.#### #.##.#
....#.# # #.## # ..#.# #
#..# ## ..#<# # #..#
#### ##. ..#.# #. #.<#
#.. .. ..#.#
#.###.##..###.# . ..#..
......gg...##.##########
..#..
#.....)♣.........))))...
.....
..........##############
..# ......###.# ..#
.####. ..# ..# # ...#
..# #...# ..## #....
./... #..## ..##.


You could see 2 gnolls.

Vanquished Creatures
  A steam dragon (D:6)
  A black bear (D:5)
  2 ice beasts (D:5)
  3 ogres
  A centaur (D:7)
  2 phantoms
  A gnoll sergeant (D:7)
  A centaur zombie (D:4)
  2 bullfrog zombies
  2 hounds
  A bullfrog skeleton (D:6)
  A jelly (D:6)
  A centaur skeleton (D:7)
  A gnoll shaman (D:7)
  An iguana (D:6)
  Ijyb (D:5)
  4 orc wizards
  A killer bee zombie (D:5)
  A hound skeleton (D:4)
  5 gnolls (D:7)
  7 adders
  3 shadow imps (D:6)
  An ufetubus (D:6)
  An adder skeleton (D:4)
  A worm (D:4)
  10 dart slugs
  13 orcs
  2 endoplasms
  3 giant cockroaches
  7 goblins
  8 hobgoblins
  9 kobolds
  5 quokkas
  7 ball pythons
  5 bats
  6 frilled lizards
  8 rats
129 creatures vanquished.

Notes
Turn   | Place    | Note
-------+----------+-------------------------------------------
     0 | D:1      | TheGamechu the Troll Fighter began the quest for the Orb.
     0 | D:1      | Reached XP level 1. HP: 22/22 MP: 0/0
   251 | D:1      | Reached XP level 2. HP: 29/29 MP: 1/1
   296 | D:1      | Reached skill level 3 in Unarmed Combat
   820 | D:2      | Found a faded altar of an unknown god.
   829 | D:2      | Reached XP level 3. HP: 36/36 MP: 2/2
   905 | D:2      | Reached skill level 4 in Unarmed Combat
  1072 | D:2      | Reached XP level 4. HP: 44/44 MP: 3/3
  1612 | D:3      | Reached skill level 5 in Unarmed Combat
  1830 | D:4      | Reached XP level 5. HP: 50/50 MP: 4/4
  1900 | D:4      | Noticed an ogre
  1908 | D:4      | Killed an ogre
  1909 | D:4      | Reached skill level 6 in Unarmed Combat
  1909 | D:4      | Reached XP level 6. HP: 59/59 MP: 5/5
  2354 | D:5      | Entered Level 5 of the Dungeon
  2434 | D:5      | Noticed an ice beast
  2441 | D:5      | Killed an ice beast
  2442 | D:5      | Reached skill level 7 in Unarmed Combat
  2749 | D:5      | Reached XP level 7. HP: 62/66 MP: 6/6
  2758 | D:5      | Noticed Ijyb
  2776 | D:5      | Reached skill level 8 in Unarmed Combat
  2779 | D:5      | Killed Ijyb
  2788 | D:5      | Reached skill level 9 in Unarmed Combat
  2843 | D:5      | Identified the +11 dagger of Virtue {pain, *Slow rElec rN++
                  | Dex+2}
  3711 | D:6      | Noticed a steam dragon
  3719 | D:6      | Killed a steam dragon
  3720 | D:6      | Reached XP level 8. HP: 43/74 MP: 7/7
  3904 | D:6      | Reached skill level 10 in Unarmed Combat
  4320 | D:6      | Found Keheetes's Assorted Antiques.
  4323 | D:6      | Bought 2 coppery potions for 34 gold pieces
  4323 | D:6      | Bought 2 scrolls labelled FOHUBU NEESO for 38 gold pieces
  4323 | D:6      | Bought a scroll labelled MAFRAJO WIALATZ for 19 gold pieces
  4323 | D:6      | Bought a forked wooden wand for 76 gold pieces
  4323 | D:6      | Bought an encrusted fluorescent wand for 76 gold pieces
  4451 | D:7      | Found a staircase to the Ecumenical Temple.
  4456 | Temple   | Entered the Ecumenical Temple
  4769 | Temple   | Became a worshipper of Ru the Awakened
  4823 | D:7      | Found a radiant altar of Vehumet.
  4829 | D:7      | Found a hide-covered altar of Uskayaw.
  4979 | D:7      | Identified the ring "Liloneyh" {rElec rF- rCorr Int+5}
  5034 | D:7      | HP: 2/74 [gnoll (7)]
  5035 | D:7      | Succumbed to a gnoll sergeant's poison

Illustrated notes

Levels and vault maps discovered:
D:1:      nzn_arrival_settlement, layout_basic
D:2:      layout_rooms, ebering_ecumenical_altar_box
D:3:      kennysheep_slugbush, layout_basic, minmay_close_crescents
D:4:      layout_basic
D:5:      layout_layer_cave, uniq_ijyb
D:6:      layout_cave_pods, serial_shops, kennysheep_mini_moat,
          nicolae_figureground_pulse
D:7:      layout_loops_ring, minitemple, temple_doors_e, enter_ossuary_2,
          sword_in_stone
Temple:   mainiacjoe_temple_cubbyholes

Skill      XL: |  1  2  3  4  5  6  7  8 |
---------------+-------------------------+-----
Unarmed Combat | 3 4 5 6 7 9 10 | 10.8
Fighting       | |  2.9
Dodging        | |  2.8
Shields        | |  2.9

Action                   |  1- 3 |  4- 6 |  7- 9 || total
-------------------------+-------+-------+-------++-------
Melee: Unarmed           |    82 |   143 |   104 ||   329
       Punch             |       |     3 |     5 ||     8
Throw: Stone             |       |    10 |       ||    10
       Dart              |       |       |     5 ||     5
  Use: Scroll            |     2 |     6 |     5 ||    13
       Potion            |       |       |     1 ||     1
 Stab: Invisible         |       |       |     1 ||     1
Armor: Robe              |    20 |    32 |    13 ||    65
Dodge: Dodged            |    49 |    78 |    60 ||   187

Table legend: (Time is in decaauts)
 A = Elapsed time spent in this place.
 B = Non-inter-level travel time spent in this place.
 C = Inter-level travel time spent in this place.
 D = Time resting spent in this place.
 E = Time spent auto-exploring this place.
 F = Levels seen in this place.
 G = Mean time per level.
                   A        B        C        D        E       F      G
               +--------+--------+--------+--------+--------+-----+--------+
         Total |   5013 |   4809 |    204 |     48 |   3802 |   8 |  626.6 |
       Dungeon |   4657 |   4518 |    139 |     48 |   3513 |   7 |  665.3 |
        Temple |    356 |    291 |     65 |      0 |    289 |   1 |  356.0 |
               +--------+--------+--------+--------+--------+-----+--------+

Top non-repeatable levels by time:
     D:5: 1237 daAuts
     D:6: 828 daAuts
     D:1: 790 daAuts
     D:3: 668 daAuts
     D:4: 531 daAuts
     D:2: 365 daAuts
  Temple: 356 daAuts
     D:7: 235 daAuts
